 Dungeon Crawl Stone Soup version 0.27-a0-1135-g81dfa19a63 (webtiles) character file.

Game seed: 16799544032950279556

1390 Honti the Destroyer (level 9, 57/57 HPs)
             Began as a Human Conjurer on May 2, 2021.
             Was an Initiate of Vehumet.
             Quit the game on level 6 of the Dungeon on Aug 10, 2022.
             The game lasted 00:34:05 (6742 turns).

Honti the Destroyer (Human Conjurer)                Turns: 6742, Time: 00:34:05

Health: 57/57      AC:  7    Str:  7    XL:     9   Next: 0%
Magic:  17/17      EV: 12    Int: 21    God:    Vehumet [......]
Gold:   337        SH:  0    Dex: 13    Spells: 8/19 levels left

rFire    . . .     SeeInvis .   o - +2 quarterstaff (chaos)
rCold    . . .     Faith    .   (shield currently unavailable)
rNeg     . . .     Spirit   .   d - +1 robe {Archmagi}
rPois    .         Reflect  .   i - +0 helmet
rElec    .         Harm     .   n - +1 cloak {Will+}
rCorr    .         Rampage  .   w - +0 pair of gloves
Will     +....                  (no boots)
Stlth    ++........             x - amulet of regeneration
HPRegen  1.19/turn              (no ring)
MPRegen  0.15/turn              (no ring)

@: no status effects
A: no striking features
a: Renounce Religion


You were on level 6 of the Dungeon.
You worshipped Vehumet.
Vehumet was noncommittal.
You visited 2 branches of the dungeon, and saw 7 of its levels.

You collected 337 gold pieces.

Inventory:

Hand Weapons
 l - a +0 dagger
 o - a +2 quarterstaff of chaos (weapon)
Missiles
 e - 122 stones
 f - 50 bolts
 C - a throwing net
 G - 5 curare-tipped darts
Armour
 a - a +0 robe
 d - a +1 robe of the Archmagi (worn)
 i - a +0 helmet (worn)
 n - a +1 cloak of willpower (worn)
 w - a +0 pair of gloves (worn)
Jewellery
 x - an amulet of regeneration (around neck)
 E - a ring of see invisible
 H - a +6 ring of dexterity
Wands
 v - a wand of paralysis (9)
 z - a wand of mindburst (12)
Scrolls
 b - a scroll of magic mapping {unknown}
 c - a scroll of fog {unknown}
 g - a scroll of acquirement {unknown}
 p - a scroll of vulnerability {unknown}
 s - a scroll of holy word {unknown}
 u - a scroll of noise
 y - a scroll of blinking {unknown}
 A - a scroll of amnesia {unknown}
Potions
 h - a potion of resistance
 j - 2 potions of attraction
 k - 2 potions of flight
 m - a potion of mutation
 q - a potion of might
 r - a potion of ambrosia
 t - 3 potions of curing
 B - a potion of cancellation {unknown}
 D - a potion of heal wounds {unknown}
 F - 2 potions of lignification {unknown}


   Skills:
 - Level 2.0 Dodging
 - Level 2.0 Stealth
 + Level 5.5 Spellcasting
 * Level 9.0 Conjurations
 - Level 3.0 Translocations


You had 8 spell levels left.
You knew the following spells:

 Your Spells              Type           Power      Damage    Failure   Level
a - Magic Dart            Conj           100%       1d8       1%          1
b - Searing Ray           Conj           100%       3d7       1%          2
c - Dazzling Flash        Conj/Hex       74%        N/A       4%          3
d - Blink                 Tloc           N/A        N/A       4%          2
e - Mephitic Cloud        Conj/Pois/Air  27%        N/A       9%          3

Your spell library contained the following spells:

 Spells                   Type           Power      Damage    Failure   Level
 Conjure Flame            Conj/Fire      37%        6-21      4%          3
 Iskenderun's Mystic Bla  Conj/Tloc      46%        2d10      9%          4
 Call Imp                 Summ           8%         N/A       16%         2
 Slow                     Hex            8%         N/A       16%         2
 Fulminant Prism          Conj/Hex       18%        3d11      16%         4


Dungeon Overview and Level Annotations

Branches:
Dungeon (6/15)             Temple (1/1) D:4

Altars:
Elyvilon
Kikubaaqudgha
Okawaru
Qazlal
Vehumet
The Shining One

Shops:
D:4 !   D:5 [


Message History

The hornet zombie hits you.
The searing ray hits the hornet zombie!
The hornet zombie is severely damaged.
The hornet zombie closely misses you.
The searing ray hits the hornet zombie!
You destroy the hornet zombie!
Vehumet accepts your kill.
You finish channeling your searing ray.
Your Conjurations skill increases to level 9!
You have reached level 9!
Your experience leads to an increase in your attributes!
Increase (S)trength, (I)ntelligence, or (D)exterity?
You feel clever.
You start resting.
HP restored.
You start resting.
Magic restored.
Okay, then.
This spell is dangerous to cast!
Memorise Mephitic Cloud, consuming 3 spell levels and leaving 8?
You start memorising the spell.
You continue memorising. x3
You finish memorising.
Spell assigned to 'e'.
Casting: Searing Ray (safe; 1% risk of failure)
Confirm with . or Enter, or press ? or * to list all spells.
Okay, then.
Save game and exit?
Welcome back, Honti the Human Conjurer.
Vehumet says: Let it end in hellfire!
Press ? for a list of commands and other information.
Your movement speed is average.
Your attack delay is about 1.3.
Unknown command.
Adjust (i)tems, (s)pells, or (a)bilities?
Okay, then.
Adjust (i)tems, (s)pells, or (a)bilities?
Okay, then.
Describe a (M)onster, (S)pell, s(K)ill, (A)bility, (C)ard, (I)tem, (F)eature, (G)od, (B)ranch, c(L)oud or s(T)atus?
Describe a status; partial names and regexps are fine.
Describe what? sleep Describe a (M)onster, (S)pell, s(K)ill, (A)bility, (C)ard, (I)tem, (F)eature, (G)od, (B)ranch, c(L)oud or s(T)atus?
Okay, then.
Are you sure you want to abandon this character and quit the game? (Confirm with "yes".)

...........#
...........#
##'######### #.# #.#
#.# #.#
#.#################.#.#
#..............@......#
###################.###


There were no monsters in sight!

Vanquished Creatures
  An ice beast (D:5)
  A hornet zombie (D:6)
  3 ogres
  2 necrophages
  2 centaurs
  A phantom (D:5)
  3 scorpions
  A water moccasin skeleton (D:5)
  A jelly (D:4)
  Crazy Yiuf (D:2)
  A hound (D:5)
  2 orc wizards
  2 hound skeletons
  Robin (D:2)
  A howler monkey skeleton (D:5)
  3 adders
  3 worms
  3 dart slugs
  10 orcs
  4 ball pythons
  2 bat zombies (D:5)
  5 endoplasms
  4 giant cockroaches
  13 goblins
  7 hobgoblins
  11 jackals
  6 quokkas
  6 bats
  2 frilled lizards
  5 kobolds
  6 rats
113 creatures vanquished.

Vanquished Creatures (others)
  2 fungi (D:2)
  A plant (D:2)
3 creatures vanquished.

Grand Total: 116 creatures vanquished

Notes
Turn   | Place    | Note
-------+----------+-------------------------------------------
     0 | D:1      | Honti the Human Conjurer began the quest for the Orb.
     0 | D:1      | Reached XP level 1. HP: 13/13 MP: 3/3
   363 | D:1      | Reached XP level 2. HP: 19/19 MP: 1/5
   409 | D:1      | Learned a level 2 spell: Searing Ray
   488 | D:1      | Upgraded the game from 0.27-a0-1118-ga84896973d to
                  | 0.27-a0-1122-g2a214b436d
   813 | D:1      | Reached XP level 3. HP: 24/24 MP: 3/6
  1442 | D:2      | Noticed Robin
  1447 | D:2      | Killed Robin
  1748 | D:2      | Reached XP level 4. HP: 7/30 MP: 2/7
  1976 | D:2      | Reached skill level 5 in Conjurations
  2119 | D:2      | Found a runed translucent door.
  2120 | D:2      | Noticed Crazy Yiuf
  2127 | D:2      | Killed Crazy Yiuf
  2197 | D:2      | Learned a level 3 spell: Dazzling Flash
  2268 | D:2      | Reached XP level 5. HP: 35/35 MP: 7/9
  2439 | D:2      | Learned a level 2 spell: Blink
  2737 | D:2      | Found a faded altar of an unknown god.
  3203 | D:3      | Found an iron altar of Okawaru.
  3545 | D:4      | Noticed a centaur
  3549 | D:4      | Killed a centaur
  3550 | D:4      | Reached skill level 6 in Conjurations
  3550 | D:4      | Reached skill level 1 in Translocations
  3550 | D:4      | Reached XP level 6. HP: 36/41 MP: 5/11
  3847 | D:4      | Found Nored's Distillery.
  4100 | D:4      | Reached XP level 7. HP: 46/46 MP: 5/12
  4155 | D:5      | Entered Level 5 of the Dungeon
  4260 | D:4      | Found a staircase to the Ecumenical Temple.
  4316 | Temple   | Entered the Ecumenical Temple
  4320 | Temple   | Became a worshipper of Vehumet
  4584 | D:5      | Found Mosheg's Antique Armour Boutique.
  4860 | D:5      | Reached skill level 7 in Conjurations
  5069 | D:5      | Reached XP level 8. HP: 31/52 MP: 10/14
  5855 | D:5      | Found an ancient bone altar of Kikubaaqudgha.
  6018 | D:5      | Reached skill level 8 in Conjurations
  6209 | D:6      | Reached skill level 5 in Spellcasting
  6350 | D:6      | Upgraded the game from 0.27-a0-1122-g2a214b436d to
                  | 0.27-a0-1135-g81dfa19a63
  6690 | D:6      | Reached skill level 9 in Conjurations
  6690 | D:6      | Reached XP level 9. HP: 54/57 MP: 11/17
  6730 | D:6      | Learned a level 3 spell: Mephitic Cloud
  6742 | D:6      | Quit the game

Illustrated notes

Levels and vault maps discovered:
D:1:      psy_arrival_radial01, layout_basic
D:2:      layout_rooms, shapermc_ecumenical_altar_mp_ritualfount,
          chequers_serial_rivers_small_a, st_stairs_14, minmay_fountain_box,
          uniq_robin, uniq_crazy_yiuf_cottage
D:3:      layout_rooms, overflow_temple_1_default
D:4:      layout_cave_pools, minmay_temple_entry_poolview, serial_shops, shop,
          serial_bayou_pond_e, kennysheep_small_square
D:5:      layout_basic, lemuel_zombie_altar_kikubaaqudgha, serial_shops,
          nicolae_shop_trees, hangedman_abyss_or_decor_stagger,
          kennysheep_small_spiral, st_stairs_11
D:6:      layout_basic, kennysheep_little_box, gup_sewer_entry_glass,
          uniq_blork_the_orc
Temple:   zaba_magenta_temple

Skill      XL: |  1  2  3  4  5  6  7  8 |
---------------+-------------------------+-----
Conjurations   | 5 6 7 9 |  9.0
Spellcasting   | 3 4 5 |  5.5
Translocations | 1 2 3 |  3.0
Dodging        | |  2.0
Stealth        | |  2.0

Action                   |  1- 3 |  4- 6 |  7- 9 || total
-------------------------+-------+-------+-------++-------
Melee: Club              |     9 |       |       ||     9
       Dagger            |     1 |       |       ||     1
       Quarterstaff      |       |     3 |       ||     3
 Cast: Magic Dart        |    60 |   105 |    63 ||   228
       Searing Ray       |     2 |     9 |    15 ||    26
       Blink             |       |     1 |       ||     1
  Use: Scroll            |       |     3 |     3 ||     6
       Potion            |       |     2 |       ||     2
 Stab: Sleeping          |     1 |     1 |       ||     2
Armor: Robe              |    16 |     4 |     1 ||    21
Dodge: Dodged            |    22 |     6 |    13 ||    41

Table legend: (Time is in decaauts)
 A = Elapsed time spent in this place.
 B = Non-inter-level travel time spent in this place.
 C = Inter-level travel time spent in this place.
 D = Time resting spent in this place.
 E = Time spent auto-exploring this place.
 F = Levels seen in this place.
 G = Mean time per level.
                   A        B        C        D        E       F      G
               +--------+--------+--------+--------+--------+-----+--------+
         Total |   6750 |   6647 |    103 |   3104 |   1126 |   7 |  964.3 |
       Dungeon |   6741 |   6638 |    103 |   3104 |   1126 |   6 | 1123.5 |
        Temple |      8 |      8 |      0 |      0 |      0 |   1 |    8.0 |
               +--------+--------+--------+--------+--------+-----+--------+

Top non-repeatable levels by time:
     D:1: 1893 daAuts
     D:5: 1618 daAuts
     D:4: 1088 daAuts
     D:2: 925 daAuts
     D:3: 672 daAuts
     D:6: 543 daAuts
  Temple: 8 daAuts
